 Dungeon Crawl Stone Soup version 0.30-a0-172-gc5509c9e31 (webtiles) character file.

Game seed: 7796262116855126358

5 blackman the Conjurer (level 1, 0/11 HPs)
             Began as an Octopode Conjurer on Oct 1, 2022.
             Slain by a jackal (1 damage)
             ... on level 1 of the Dungeon.
             The game lasted 00:01:05 (168 turns).

blackman the Conjurer (Octopode Conjurer)            Turns: 168, Time: 00:01:06

Health: 0/11       AC:  1    Str:  6    XL:     1   Next: 80%
Magic:  0/3        EV: 13    Int: 20    God:
Gold:   12         SH:  0    Dex: 10    Spells: 3/4 levels left

rFire   . . .      SeeInvis .    (no weapon)
rCold   . . .      Faith    .    (no shield)
rNeg    . . .      Spirit   .    (helmet restricted)
rPois   .          Reflect  .    (no amulet)
rElec   .          Harm     .    (no ring)
rCorr   .          Rampage  .    (no ring)
Will    .....                    (no ring)
Stlth   +++.......               (no ring)
HPRegen 0.21/turn                (no ring)
MPRegen 0.08/turn                (no ring)
                                 (no ring)
                                 (no ring)

@: no status effects
A: almost no armour, amphibious, 8 rings, camouflage 1, gelatinous body 1,
(nimble swimmer 1), tentacles
a: no special abilities


You were on level 1 of the Dungeon.
You visited 1 branch of the dungeon, and saw 1 of its levels.

You collected 12 gold pieces.

Inventory:

Scrolls
 b - a scroll of identify {unknown}
Potions
 a - a potion of magic


   Skills:
 - Level 2.0 Dodging
 - Level 2.6 Stealth
 - Level 2.0 Spellcasting
 * Level 4.3 Conjurations


You had 3 spell levels left.
You knew the following spells:

 Your Spells              Type           Power      Damage    Failure   Level
a - Magic Dart            Conj           76%        1d6       2%          1

Your spell library contained the following spells:

 Spells                   Type           Power      Damage    Failure   Level
 Searing Ray              Conj           38%        2d5       4%          2
 Dazzling Flash           Conj/Hex       20%        N/A       21%         3
 Fulminant Prism          Conj/Hex       5%         3d7       54%         4
 Iskenderun's Mystic Bla  Conj/Tloc      10%        2d4       54%         4


Dungeon Overview and Level Annotations

Branches:
Dungeon (1/15)

Altars:

Shops:
D:1 (


Innate Abilities, Weirdness & Mutations

You cannot wear most types of armour.
You are amphibious.
You can wear up to eight rings at the same time.
Your skin changes colour to match your surroundings (Stealth+).
Your rubbery body absorbs attacks. (AC +1, EV +1)
((You are camouflaged when in or above water. (Stealth+)))
You have tentacles for arms and can constrict up to eight enemies at once.


Message History

Casting: Magic Dart (safe; 2% risk of failure)
Confirm with . or Enter, or press ? or * to list all spells.
You don't have enough magic to cast this spell.
You barely miss the jackal. You grab the jackal.
You constrict the jackal, but do no damage.
The jackal bites you. The jackal barely misses you.
You tentacle-slap the jackal but do no damage.
You constrict the jackal. The jackal closely misses you.
You tentacle-slap the jackal.
The jackal is moderately wounded.
You constrict the jackal. The jackal bites you. x2
* * * LOW HITPOINT WARNING * * *
You release your grip on the jackal.
You miss the jackal. Your grab misses the jackal.
Your squeeze misses the jackal.
The jackal is moderately wounded.
The jackal bites you.
* * * LOW HITPOINT WARNING * * *
The jackal barely misses you.
You tentacle-slap the jackal but do no damage.
Your grab misses the jackal.
The jackal is moderately wounded.
The jackal barely misses you.
You tentacle-slap the jackal but do no damage.
Your grab misses the jackal.
The jackal is moderately wounded.
The jackal bites you but does no damage.
The jackal misses you.
Casting: Magic Dart (safe; 2% risk of failure)
Confirm with . or Enter, or press ? or * to list all spells.
Aiming: Magic Dart (safe; 2% risk of failure)
Press: ? - help, Shift-Dir - straight line, f/p - jackal
Aim: a jackal (moderately wounded, 100% to hit)
The magic dart hits the jackal.
The jackal is heavily wounded.
The jackal bites you.
* * * LOW HITPOINT WARNING * * *
The jackal attacks as you move away! The jackal misses you.
The jackal bites you.
You die...

#.......#.#...#)#....
#......#...#.#...#...
#....................
#..#####............#
##.# #.......######
#h# #........# #.#
#...#....#
##h#####.[#.#...#
#..h@....#...#..#
#####'#####.#..∩..#$#
#.P#...#P.#. ...# .#
#..'...'..## .#. #
#..#...#..#
####...####
#~.#...#..#
#<.'...'..#
#..#...#..#


You could see 2 jackals.

Vanquished Creatures
  A giant cockroach (D:1)
  A goblin (D:1)
  A jackal (D:1)
  A kobold (D:1)
  A rat (D:1)
5 creatures vanquished.

Notes
Turn   | Place    | Note
-------+----------+-------------------------------------------
     0 | D:1      | blackman the Octopode Conjurer began the quest for the Orb.
     0 | D:1      | Reached XP level 1. HP: 11/11 MP: 3/3
   122 | D:1      | Found Caumpan's Weapon Shoppe.
   168 | D:1      | Slain by a jackal

Illustrated notes

Levels and vault maps discovered:
D:1:      dpeg_arrival_prison, layout_basic, serial_shops, nicolae_diamond_shop,
          minmay_splitting_lines

Action                   || total
-------------------------++-------
Melee: Unarmed           ||     6
       Constrict         ||     1
 Cast: Magic Dart        ||    10
Armor: Skin              ||     1
Dodge: Dodged            ||     9

Table legend: (Time is in decaauts)
 A = Elapsed time spent in this place.
 B = Non-inter-level travel time spent in this place.
 C = Inter-level travel time spent in this place.
 D = Time resting spent in this place.
 E = Time spent auto-exploring this place.
 F = Levels seen in this place.
 G = Mean time per level.
                   A        B        C        D        E       F      G
               +--------+--------+--------+--------+--------+-----+--------+
         Total |    168 |    168 |      0 |      0 |    126 |   1 |  168.0 |
       Dungeon |    168 |    168 |      0 |      0 |    126 |   1 |  168.0 |
               +--------+--------+--------+--------+--------+-----+--------+

Top non-repeatable levels by time:
     D:1: 168 daAuts
